 Dungeon Crawl Stone Soup version 0.30-b1-2-g02819fbbbe (webtiles) character file.

Game seed: 1884024029884577236

150441 dorian the Earth Mage (level 18, -1/133 HPs)
             Began as a Formicid Earth Elementalist on May 11, 2023.
             Was a High Priest of Vehumet.
             Slain by rikstar's ghost (9 damage)
             ... on level 4 of the Snake Pit on May 13, 2023.
             The game lasted 02:19:57 (41399 turns).

dorian the Earth Mage (FoEE)                       Turns: 41399, Time: 02:19:58

Health: -1/133     AC: 13    Str: 20    XL:     18   Next: 16%
Magic:  25/44      EV: 11    Int: 29    God:    Vehumet [*****.]
Gold:   780        SH: 21    Dex: 16    Spells: 8/44 levels left

rFire   . . .        M - +6 war axe "Pammor" {flame, rElec Will+ Int+6}
rCold   . . .        j - +3 kite shield "Emamm" {Will++ Str+5}
rNeg    + . .        z - +0 steam dragon scales
rPois   +            (helmet unavailable)
rElec   +            (no cloak)
rCorr   +            F - +3 pair of gauntlets of War {Slay+5}
SInv    +            d - +0 pair of boots
Will    ++++.        S - amulet of Ydalois {Reflect Harm Dex+2 SH+5}
Stlth   +            X - ring "Voprunergha" {Fly rElec rN+ Int+4}
HPRegen 0.42/turn    y - ring "Tuohath" {rPois rCorr MP+9 Slay+6 Stlth-}
MPRegen 0.29/turn

%: harm (+30% outgoing, +20% incoming), reflection
@: flying
A: permanent stasis, dig shafts and tunnels, antennae 3, four strong arms, dopey
1
a: Dig, Shaft Self, Renounce Religion


You were on level 4 of the Snake Pit.
You worshipped Vehumet.
Vehumet was extremely pleased with you.
You visited 6 branches of the dungeon, and saw 28 of its levels.
You also visited: Volcano.

You collected 3429 gold pieces.
You spent 2649 gold pieces at shops.

Inventory:

Hand Weapons
 M - the +6 war axe "Pammor" (weapon) {flame, rElec Will+ Int+6}
   (You found it on level 5 of the Lair of Beasts)

   Int:       It affects your intelligence (+6).
   rElec:     It insulates you from electricity.
   Will:      It increases your willpower.
 R - a +3 shortbow of flaming
Missiles
 c - 32 poisoned darts (quivered)
Armour
 d - a +0 pair of boots (worn)
 i - the +2 pair of gloves "Baag" {+Inv Regen+ rCorr Str-4}
   (You acquired it on level 3 of the Dungeon)

   Str:       It affects your strength (-4).
   +Inv:      It lets you turn invisible.
   Regen:     It increases your rate of health regeneration.
   rCorr:     It protects you from acid and corrosion.
 j - the +3 kite shield "Emamm" (worn) {Will++ Str+5}
   (You found it on level 5 of the Lair of Beasts)

   Str:       It affects your strength (+5).
   Will:      It greatly increases your willpower.
 s - a +2 leather armour of fire resistance
 z - +0 steam dragon scales (worn)
 F - the +3 pair of gauntlets of War (worn) {Slay+5}
   (You acquired it on level 2 of the Orcish Mines)

   Slay:      It affects your accuracy & damage with ranged weapons and melee
   (+5).
Magical Staves
 T - a staff of earth
Jewellery
 h - a ring of protection from fire
 x - a ring of fire
 y - the ring "Tuohath" (right hand) {rPois rCorr MP+9 Slay+6 Stlth-}
   (You acquired it on level 2 of the Orcish Mines)

   [ring of magical power]

   Slay:      It affects your accuracy & damage with ranged weapons and melee
   (+6).
   rPois:     It protects you from poison.
   MP:        It affects your magic capacity (+9).
   rCorr:     It protects you from acid and corrosion.
   Stlth:     It makes you less stealthy.
 C - a ring of positive energy
 L - the ring of Yblucogg {rC+ Dex+2 Slay+4}
   (You found it on level 1 of the Lair of Beasts)

   [ring of slaying]

   Dex:       It affects your dexterity (+2).
   Slay:      It affects your accuracy & damage with ranged weapons and melee
   (+4).
   rC:        It protects you from cold.
 S - the amulet of Ydalois (around neck) {Reflect Harm Dex+2 SH+5}
   (You bought it in a shop on level 2 of the Orcish Mines)

   [amulet of reflection]

   It reflects blocked missile attacks.
   Dex:       It affects your dexterity (+2).
   SH:        It affects your SH (+5).
   Harm:      It increases damage dealt and taken.
 X - the ring "Voprunergha" (left hand) {Fly rElec rN+ Int+4}
   (You bought it in a shop on level 2 of the Orcish Mines)

   [ring of flight]

   Int:       It affects your intelligence (+4).
   rElec:     It insulates you from electricity.
   rN:        It protects you from negative energy.
   Fly:       It grants you flight.
Wands
 p - a wand of roots (17)
 I - a wand of digging (18)
 O - a wand of polymorph (6)
 Q - a wand of quicksilver (4)
 U - a wand of flame (13)
 Z - a wand of mindburst (11)
Scrolls
 f - 4 scrolls of fear
 g - 3 scrolls of vulnerability
 m - a scroll of poison
 r - 2 scrolls of magic mapping
 v - 3 scrolls of fog
 w - 2 scrolls of brand weapon
 A - 3 scrolls of enchant weapon
 B - 4 scrolls of enchant armour
 E - 10 scrolls of immolation
 K - 8 scrolls of identify
 P - a scroll of torment
 W - a scroll of silence
Potions
 b - 3 potions of magic
 e - 6 potions of flight
 k - 9 potions of mutation
 l - a potion of ambrosia
 n - 4 potions of lignification
 o - 6 potions of attraction
 q - 2 potions of might
 t - 4 potions of heal wounds
 u - 4 potions of cancellation
 D - 3 potions of curing
 G - 2 potions of brilliance
 J - a potion of resistance
 N - a potion of experience {unknown}
 V - a potion of invisibility
Miscellaneous
 a - a lightning rod (4/4)
 H - a phial of floods (inert)
 Y - a box of beasts


   Skills:
 - Level 9.4 Fighting
 + Level 10.3 Armour
 - Level 1.7 Dodging
 - Level 2.4 Stealth
 - Level 13.2 Shields
 + Level 13.6 Spellcasting
 + Level 9.5 Conjurations
 + Level 5.7 Necromancy
 + Level 12.1 Transmutations
 * Level 20.3 Earth Magic
 - Level 4.0 Poison Magic


You had 8 spell levels left.
You knew the following spells:

 Your Spells              Type           Power      Damage    Failure   Level
a - Sandblast             Erth           100%       2d20      0%          1
b - Passwall              Tmut/Erth      70%        N/A       0%          2
c - Stone Arrow           Conj/Erth      100%       3d13      1%          3
d - Petrify               Tmut/Erth      85%        N/A       1%          4
f - Ignite Poison         Fire/Tmut/Pois 50%        N/A       1%          3
g - Lee's Rapid Deconstr  Erth           47%        3d23*     1%          5
h - Iron Shot             Conj/Erth      41%        9d8       1%          6
i - Irradiate             Conj/Tmut      35%        3d23      1%          5
j - Orb of Destruction    Conj           33%        9d10      19%         7

Your spell library contained the following spells:

 Spells                   Type           Power      Damage    Failure   Level
 Conjure Ball Lightning   Conj/Air       23%        3x3d6     24%         6
 Beastly Appendage        Tmut           100%       N/A       1%          1
 Freeze                   Ice            76%        1d8       1%          1
 Cigotuvi's Dreadful Rot  Necr/Pois/Air  76%        N/A       1%          2
 Poisonous Vapours        Pois/Air       62%        N/A       1%          2
 Wereblood                Tmut           74%        N/A       1%          2
 Hailstorm                Conj/Ice       47%        3d11      1%          3
 Mephitic Cloud           Conj/Pois/Air  46%        N/A       1%          3
 Spider Form              Tmut/Pois      61%        N/A       1%          3
 Animate Armour           Summ/Erth      100%       N/A       1%          4
 Fulminant Prism          Conj/Hex       23%        3d12      1%          4
 Iskenderun's Mystic Bla  Conj/Tloc      47%        2d10      1%          4
 Blade Hands              Tmut           37%        N/A       1%          5
 Frozen Ramparts          Ice            38%        1d6       3%          3
 Volatile Blastmotes      Fire/Tloc      38%        2d13      3%          3
 Apportation              Tloc           38%        N/A       4%          1
 Dispel Undead            Necr           52%        3d19      4%          4
 Alistair's Intoxication  Tmut/Pois      40%        N/A       4%          5
 Arcjolt                  Conj/Air       23%        1d33      4%          5
 Freezing Cloud           Conj/Ice/Air   19%        6-21      9%          5
 Gell's Gravitas          Tloc           19%        N/A       13%         3
 Portal Projectile        Hex/Tloc       38%        N/A       13%         3
 Teleport Other           Tloc           19%        N/A       13%         3
 Tukima's Dance           Hex            19%        N/A       13%         3
 Lehudib's Crystal Spear  Conj/Erth      41%        10d10     16%         8
 Death Channel            Necr           26%        N/A       52%         6
 Plasma Beam              Fire/Air       9%         2x1d22    82%         6
 Dispersal                Tloc           9%         N/A       100%        6
 Borgnjor's Revivificati  Necr           26%        N/A       100%        8
 Necromutation            Tmut/Necr      32%        N/A       100%        8
 Death's Door             Necr           26%        N/A       100%        9
 Vhi's Electric Charge    Tloc/Air       Unusable   N/A       N/A         3

Dungeon Overview and Level Annotations

Branches:
Dungeon (15/15)            Temple (1/1) D:4            Lair (5/5) D:8
  Swamp (0/4) Lair:2        Snake (4/4) Lair:2        Slime (0/5) Lair:5
    Orc (2/2) D:9             Elf (0/3) Orc:2        Vaults (0/5) D:13
 Depths (1/4) D:15        Volcano (visited)

Altars:
Ashenzari
Cheibriados
Dithmenos
Elyvilon
Fedhas
Gozag
Hepliaklqana
Nemelex Xobeh
Okawaru
Qazlal
Ru
Sif Muna
Uskayaw
Vehumet
Yredelemnul
Zin
The Shining One
Jiyva

Shops:
D:6 ?   D:10 *   D:13 =   Orc:2 =[?   Snake:1 :=:

Annotations:
D:10 exclusions: ice statue and obsidian statue
Snake:4 rikstar's ghost, adept GrGl


Innate Abilities, Weirdness & Mutations

You cannot be hasted, slowed, berserked, paralysed or teleported.
You can dig through walls and to a lower floor.
You have a pair of large antennae on your head. (SInv)
Your four strong arms can wield two-handed weapons with a shield.
You are dopey. (Int -2)


Message History

Fragment what (e.g. wall or brittle monster)?: rikstar's ghost, wielding a weapon of freezing An open translucent door.
That beam is likely to hit you.
Continue anyway?
Okay, then.
Unknown command.
Casting: Lee's Rapid Deconstruction (safe; 1% risk of failure)
Confirm with . or Enter, or press ? or * to list all spells.
Aiming: Lee's Rapid Deconstruction (safe; 1% risk of failure)
Press: ? - help, Dir - move target, p - rikstar's ghost A translucent stone wall.
The wall shatters!
The blast of rock fragments hits rikstar's ghost but does no damage.
Rikstar's ghost completely misses you.
Unknown command.
Casting: Lee's Rapid Deconstruction (safe; 1% risk of failure)
Confirm with . or Enter, or press ? or * to list all spells.
Aiming: Lee's Rapid Deconstruction (safe; 1% risk of failure)
Press: ? - help, Dir - move target A translucent stone wall.
The wall shatters!
The blast of rock fragments hits rikstar's ghost but does no damage.
Rikstar's ghost barely misses you.
Unknown command.
Casting: Lee's Rapid Deconstruction (safe; 1% risk of failure)
Confirm with . or Enter, or press ? or * to list all spells.
Aiming: Lee's Rapid Deconstruction (safe; 1% risk of failure)
Press: ? - help, Dir - move target A translucent stone wall.
The wall shatters!
The blast of rock fragments hits rikstar's ghost but does no damage.
Rikstar's ghost sneers, "Do you call that fighting?"
You block rikstar's ghost's attack.
Rikstar's ghost attacks as you move away!
Rikstar's ghost hits you!! Rikstar's ghost freezes you!
* * * LOW HITPOINT WARNING * * *
Rikstar's ghost attacks as you move away!
Rikstar's ghost hits you!!
* * * LOW HITPOINT WARNING * * *
Rikstar's ghost freezes you!
You die...

#......
#......
#.)....
#......
#......
#####
#......
##...##
#......
#...W.##
#......
#...#@.#
#..#...
##'###.#
##......
#:"$##.###
#...##..
#♣8♣##...##
#...###. ##
###..##
#...# #.
##..# #..##
#.
##.####.##
#. #.....##
#< #######
#.


You could see rikstar's ghost.

Vanquished Creatures
  Vashnia (Snake:3)
  Gastronok (Lair:2)
  The ghost of night the Brawler, a journeyman TrFi of Wu Jian (Orc:2)
  2 spriggan defenders (Depths:1)
  A stone giant (D:15)
  Snorg (Lair:4)
  Josephine (D:12)
  2 salamander tyrants
  6 hydras
  3 vault guards (D:13)
  Erolcha (D:9)
  2 catoblepae
  Erica (D:9)
  An ogre mage (D:15)
  4 centaur warriors
  An anaconda (Snake:1)
  18 death yaks
  6 two-headed ogres
  2 boulder beetles
  A tengu warrior (D:9)
  12 naga warriors
  5 shock serpents
  5 orc high priests (Orc:2)
  8 naga sharpshooters
  2 hell knights
  4 skysharks
  A salamander mystic (Volcano)
  Amaemon (D:11)
  4 skeletal warriors
  2 goliath frogs (Lair:5)
  A swamp dragon (Lair:4)
  A naga ritualist (Snake:1)
  Pikel (D:2)
  A wizard (D:13)
  10 orc knights
  3 deep elf zephyrmancers (Orc:2)
  10 deep elf pyromancers
  4 mana vipers
  A necromancer (Lair:3)
  An oklob plant (Lair:2)
  3 manticores
  2 wolf spiders (Lair:2)
  3 cyclopes (D:12)
  3 orc sorcerers
  2 ugly things
  17 salamanders
  3 elephants (Lair:4)
  33 black mambas
  5 guardian serpents
  9 naga magi
  2 molten gargoyles (Volcano)
  2 gargoyles
  A kobold demonologist (D:11)
  An unseen horror (D:12)
  12 cane toads
  An orange demon (D:11)
  2 rime drakes
  A yaktaur (D:15)
  An efreet (D:12)
  7 komodo dragons
  2 tengu conjurers
  4 polar bears
  3 hornets
  2 tyrant leeches (Lair:5)
  3 trolls
  30 blink frogs
  3 slime creatures (D:12)
  A water elemental (D:15)
  Sigmund (D:4)
  A spriggan (Depths:1)
  A shadow (D:8)
  6 wyverns
  56 yaks
  6 wraiths
  2 humans (D:13)
  2 fire bats (Volcano)
  3 steam dragons
  16 vampire mosquitoes
  Menkaure (D:5)
  6 wargs
  35 nagas
  3 acid dragons
  12 water moccasins
  2 ice beasts
  44 orc warriors
  A black bear (D:5)
  19 wolves
  An elephant zombie (Lair:3)
  9 ogres
  2 centaurs
  A lemure (D:2)
  A phantom (D:6)
  3 kobold brigands
  A komodo dragon zombie (Lair:3)
  20 bullfrogs
  A gnoll sergeant (D:9)
  5 scorpions
  7 wights (D:8)
  10 killer bees
  2 electric eels
  3 howler monkeys (D:10)
  9 lava snakes
  A basilisk zombie (Lair:3)
  A jelly (D:5)
  31 orc priests
  A gnoll bouda (D:6)
  2 hounds
  Ijyb (Temple)
  3 iguanas
  22 orc wizards
  A scorpion zombie (D:3)
  A hound skeleton (D:3)
  9 gnolls
  3 adders
  3 white imps
  4 ufetubi
  An adder zombie (D:3)
  3 worms
  2 dart slugs
  98 orcs
  5 bats
  9 endoplasms
  2 giant cockroaches
  5 goblins
  7 hobgoblins
  4 jackals
  23 kobolds
  4 quokkas
  5 ball pythons
  A ball python skeleton (D:3)
  A frilled lizard (D:1)
  7 rats
  A spectral kobold (D:2)
  A spectral orc (D:6)
845 creatures vanquished.

Vanquished Creatures (others)
  An orc (Orc:2)
  A bush (D:15)
  37 fungi
  89 plants
  3 withered plants (D:3)
131 creatures vanquished.

Grand Total: 976 creatures vanquished

Notes
Turn   | Place    | Note
-------+----------+-------------------------------------------
     0 | D:1      | dorian the Formicid Earth Elementalist began the quest for
                  | the Orb.
     0 | D:1      | Reached XP level 1. HP: 13/13 MP: 3/3
   167 | D:1      | Reached XP level 2. HP: 20/20 MP: 3/5
   168 | D:1      | Reached skill level 4 in Earth Magic
   479 | D:1      | Reached skill level 1 in Fighting
   543 | D:1      | Reached XP level 3. HP: 26/26 MP: 3/6
   973 | D:2      | Found a faded altar of an unknown god.
   977 | D:2      | Learned a level 2 spell: Passwall
  1580 | D:2      | Reached XP level 4. HP: 20/32 MP: 1/8
  1685 | D:2      | Learned a level 3 spell: Stone Arrow
  1990 | D:3      | Reached skill level 5 in Earth Magic
  2072 | D:3      | Reached XP level 5. HP: 38/38 MP: 5/9
  2612 | D:3      | Found a hazy altar of Hepliaklqana.
  2713 | D:3      | Found a glowing silver altar of Zin.
  2887 | D:3      | Identified a scroll of acquirement
  2887 | D:3      | Acquired the +2 pair of gloves "Baag" {+Inv Regen+ rCorr
                  | Str-4}
  2980 | D:4      | Found a staircase to the Ecumenical Temple.
  2982 | D:4      | Noticed Ijyb
  2994 | D:4      | Noticed a lemure
  2995 | Temple   | Entered the Ecumenical Temple
  3039 | Temple   | Became a worshipper of Vehumet
  3060 | D:4      | Noticed Pikel
  3068 | Temple   | Killed Ijyb
  3069 | Temple   | Reached skill level 1 in Shields
  3126 | D:4      | Noticed a lemure
  3132 | D:4      | Noticed a lemure
  3133 | D:4      | Noticed a lemure
  3206 | D:2      | Killed a lemure
  3388 | D:2      | Killed Pikel
  3389 | D:2      | Reached skill level 7 in Earth Magic
  3389 | D:2      | Reached XP level 6. HP: 31/48 MP: 4/12
  3389 | D:2      | Reached XP level 7. HP: 34/53 MP: 4/13
  3579 | D:4      | Noticed Sigmund
  3585 | D:4      | Killed Sigmund
  3586 | D:4      | Reached XP level 8. HP: 60/60 MP: 14/14
  3934 | D:4      | Learned a level 4 spell: Petrify
  3956 | D:5      | Entered Level 5 of the Dungeon
  3956 | D:5      | Noticed Menkaure
  3960 | D:5      | Killed Menkaure
  3961 | D:5      | Reached skill level 8 in Earth Magic
  4548 | D:5      | Reached skill level 5 in Spellcasting
  4596 | D:5      | Reached * piety under Vehumet
  4596 | D:5      | Offered knowledge of Kiss of Death by Vehumet.
  4597 | D:5      | Reached skill level 5 in Shields
  4856 | D:5      | Reached XP level 9. HP: 53/67 MP: 13/16
  4965 | D:6      | Reached skill level 5 in Fighting
  4965 | D:6      | Reached skill level 9 in Earth Magic
  5127 | D:6      | Found a sacrificial altar of Ru.
  5240 | D:6      | Found a basalt altar of Yredelemnul.
  5375 | D:6      | Reached skill level 10 in Earth Magic
  5605 | D:6      | Found Liyfig's Magic Scroll Shop.
  5686 | D:7      | Noticed a hornet
  5689 | D:7      | Killed a hornet
  5690 | D:7      | Reached skill level 1 in Armour
  5690 | D:7      | Reached XP level 10. HP: 76/76 MP: 19/19
  5910 | D:6      | Reached ** piety under Vehumet
  5910 | D:6      | Offered knowledge of Scorch by Vehumet.
  6051 | D:7      | Reached skill level 11 in Earth Magic
  6580 | D:8      | Found a glowing golden altar of the Shining One.
  6580 | D:8      | Found an opulent altar of Gozag.
  6633 | D:8      | Noticed a death yak
  6662 | D:8      | Noticed a death yak
  6667 | D:8      | Noticed a death yak
  6668 | D:8      | Noticed a death yak
  6676 | D:7      | Killed a death yak
  6797 | D:7      | Learned a level 3 spell: Spider Form
  7028 | D:8      | Found a staircase to the Lair.
  7076 | D:8      | Killed a death yak
  7077 | D:8      | Reached skill level 12 in Earth Magic
  7077 | D:8      | Reached XP level 11. HP: 64/84 MP: 6/21
  7562 | D:8      | Offered knowledge of Poisonous Vapours by Vehumet.
  7566 | D:8      | Reached skill level 1 in Poison Magic
  7740 | D:9      | Noticed a tengu warrior
  7746 | D:9      | Killed a tengu warrior
  7813 | D:8      | Reached *** piety under Vehumet
  7896 | D:9      | Noticed Erolcha
  7900 | D:9      | Killed Erolcha
  8069 | D:8      | Reached skill level 13 in Earth Magic
  8155 | D:9      | Noticed Erica
  8165 | D:9      | Killed Erica
  8166 | D:9      | Reached skill level 5 in Armour
  8240 | D:8      | Offered knowledge of Ignite Poison by Vehumet.
  8245 | D:8      | Learned a level 3 spell: Ignite Poison
  8532 | D:9      | Reached **** piety under Vehumet
  9164 | D:9      | Found a staircase to the Orcish Mines.
  9207 | D:9      | Found a stormy altar of Qazlal.
  9336 | D:10     | Entered Level 10 of the Dungeon
  9383 | D:10     | Offered knowledge of Lee's Rapid Deconstruction by Vehumet.
  9650 | D:10     | Found Ozxeotwi's Assorted Antiques.
  9808 | D:10     | Noticed an obsidian statue
  9835 | D:10     | Found a hide-covered altar of Uskayaw.
 10171 | D:11     | Reached XP level 12. HP: 94/94 MP: 17/24
 10359 | D:11     | Noticed Amaemon
 10366 | D:11     | Killed Amaemon
 10506 | D:11     | You are sucked into a shaft and drop 2 floors!
 10560 | D:13     | Reached skill level 10 in Shields
 10583 | D:13     | Found Segrei's Jewellery Shop.
 10676 | D:12     | Reached skill level 14 in Earth Magic
 11018 | D:12     | Noticed Josephine
 11174 | D:12     | Learned a level 5 spell: Lee's Rapid Deconstruction
 11237 | D:12     | Found a radiant altar of Vehumet.
 11750 | D:12     | Killed Josephine
 11966 | D:12     | Noticed a boulder beetle
 11985 | D:12     | Killed a boulder beetle
 12655 | D:11     | Reached XP level 13. HP: 101/101 MP: 7/26
 12838 | D:11     | Reached ***** piety under Vehumet
 12960 | D:11     | Found a snail-covered altar of Cheibriados.
 12970 | D:11     | Offered knowledge of Iron Shot by Vehumet.
 13279 | D:11     | Reached skill level 15 in Earth Magic
 13840 | D:13     | Learned a level 6 spell: Iron Shot
 14120 | D:13     | Noticed a vault guard
 14225 | D:13     | Killed a vault guard
 14226 | D:13     | Reached skill level 1 in Conjurations
 14408 | D:14     | Noticed a centaur warrior
 14415 | D:14     | Killed a centaur warrior
 14502 | D:13     | Reached skill level 5 in Transmutations
 15042 | D:13     | Noticed a vault guard
 15105 | D:13     | Noticed a vault guard
 15120 | D:13     | Killed a vault guard
 15126 | D:13     | Killed a vault guard
 15305 | D:13     | Found a gate to the Vaults.
 15465 | D:13     | Noticed a centaur warrior
 15479 | D:13     | Killed a centaur warrior
 16068 | D:14     | Noticed a centaur warrior
 16080 | D:14     | Killed a centaur warrior
 16081 | D:14     | Reached skill level 16 in Earth Magic
 16508 | D:14     | Noticed a centaur warrior
 16575 | D:14     | Killed a centaur warrior
 16910 | Lair:1   | Entered Level 1 of the Lair of Beasts
 17277 | D:8      | Reached skill level 10 in Spellcasting
 17277 | D:8      | Reached XP level 14. HP: 95/108 MP: 5/28
 17475 | D:8      | You are sucked into a shaft and drop 1 floor!
 18319 | Lair:1   | Identified the ring of Yblucogg {rC+ Dex+2 Slay+4}
 18994 | Lair:2   | Found a staircase to the Swamp.
 19374 | Lair:2   | Found a staircase to the Snake Pit.
 19491 | Lair:2   | Noticed Gastronok
 19553 | Lair:2   | Killed Gastronok
 20932 | Lair:2   | Reached skill level 5 in Conjurations
 21167 | Lair:2   | Offered knowledge of Irradiate by Vehumet.
 22073 | Lair:3   | Found a dark tunnel.
 22078 | Volcano  | Entered a volcano
 22512 | Volcano  | Found a radiant altar of Vehumet.
 22525 | Volcano  | Reached skill level 17 in Earth Magic
 22844 | Volcano  | Reached XP level 15. HP: 94/114 MP: 6/30
 23104 | Lair:3   | Acquired a staff of earth
 25307 | Lair:4   | Identified the +6 quarterstaff "Dukhlom" {heavy, +Blink
                  | rElec Str+3 Stlth+}
 25315 | Lair:4   | Learned a level 5 spell: Irradiate
 25565 | Lair:4   | Noticed Snorg
 25576 | Lair:4   | Killed Snorg
 26475 | Lair:4   | Offered knowledge of Freezing Cloud by Vehumet.
 27143 | Lair:5   | Entered Level 5 of the Lair of Beasts
 27293 | Lair:5   | Found a staircase to the Slime Pits.
 27293 | Lair:5   | Found a viscous altar of Jiyva.
 28219 | Lair:5   | Reached skill level 10 in Transmutations
 28219 | Lair:5   | Reached skill level 18 in Earth Magic
 28580 | Lair:5   | Reached XP level 16. HP: 120/120 MP: 15/32
 29581 | Lair:5   | Identified the +3 kite shield "Emamm" {Will++ Str+5}
 29595 | Lair:5   | Identified the +6 war axe "Pammor" {flame, rElec Will+
                  | Int+6}
 29602 | Lair:5   | Identified the +4 war axe of Innocence {heavy, Str+3}
 29603 | Lair:5   | Identified the +1 scale mail of Light {+Inv}
 30033 | D:15     | Entered Level 15 of the Dungeon
 30297 | D:15     | Reached skill level 1 in Necromancy
 30739 | D:14     | Offered knowledge of Orb of Destruction by Vehumet.
 30748 | D:14     | Learned a level 7 spell: Orb of Destruction
 31594 | D:15     | Found a staircase to the Depths.
 32259 | Orc:1    | Entered Level 1 of the Orcish Mines
 32834 | Orc:2    | Entered Level 2 of the Orcish Mines
 33509 | Orc:2    | Noticed night's ghost (journeyman TrFi)
 33509 | Orc:2    | Found a transporter.
 33554 | Orc:1    | Offered knowledge of Iskenderun's Battlesphere by Vehumet.
 34509 | Orc:2    | Reached skill level 19 in Earth Magic
 34701 | Orc:2    | Found a staircase to the Elven Halls.
 35315 | Orc:2    | Found a transporter.
 35579 | Orc:2    | Found Ravyloim's Jewellery Shoppe.
 35582 | Orc:2    | Found Urghol Apyihi's Armour Emporium.
 35583 | Orc:2    | Found Vebloix's Magic Scroll Shoppe.
 35584 | Orc:2    | Found Boneel's Antique Armour Shoppe.
 35591 | Orc:2    | Bought the amulet of Ydalois {Reflect Harm Dex+2 SH+5} for
                  | 576 gold pieces
 35591 | Orc:2    | Bought the ring "Voprunergha" {Fly rElec rN+ Int+4} for 617
                  | gold pieces
 35595 | Orc:2    | Bought a scroll of acquirement for 728 gold pieces
 35595 | Orc:2    | Bought a scroll of acquirement for 728 gold pieces
 35611 | Orc:2    | Acquired the +3 pair of gauntlets of War {Slay+5}
 35611 | Orc:2    | Found the +3 pair of gauntlets of War {Slay+5}
 35614 | Orc:2    | Acquired the ring "Tuohath" {rPois rCorr MP+9 Slay+6
                  | Stlth-}
 35842 | Orc:2    | Killed night's ghost
 35843 | Orc:2    | Reached XP level 17. HP: 74/126 MP: 33/33
 35852 | Orc:2    | Gained mutation: You are dopey. (Int -2) [mutagenic glow]
 36176 | Depths:1 | Entered Level 1 of the Depths
 36183 | Depths:1 | Offered knowledge of Conjure Ball Lightning by Vehumet.
 36974 | Snake:1  | Entered Level 1 of the Snake Pit
 37231 | Snake:1  | Found Qeddiceth's Book Shoppe.
 37231 | Snake:1  | Found Aptyd's Jewellery Shop.
 37233 | Snake:1  | Found Etek's Book Shoppe.
 38676 | Snake:2  | Identified the +9 trident of the Spinneret {flame, Str+2}
 39063 | Snake:2  | You are sucked into a shaft and drop 1 floor!
 39202 | Snake:3  | Reached skill level 5 in Necromancy
 39354 | Snake:3  | Reached skill level 20 in Earth Magic
 39509 | Snake:3  | Reached skill level 10 in Armour
 40447 | Snake:3  | Reached XP level 18. HP: 133/133 MP: 35/35
 40806 | Snake:3  | Noticed Vashnia
 40823 | Snake:3  | Killed Vashnia
 41120 | Snake:4  | Entered Level 4 of the Snake Pit
 41388 | Snake:4  | Found a runed translucent door.
 41389 | Snake:4  | Noticed rikstar's ghost (adept GrGl)
 41399 | Snake:4  | Slain by rikstar's ghost

Illustrated notes

Levels and vault maps discovered:
D:1:      evilmike_arrival_hilbert_curve, layout_basic, hex_tiny
D:2:      layout_loops_ring, dreamdust_ecumenical_altar_drowned_temple
D:3:      layout_loops_ring, zin_scriptorium, marbit_many_paths, serial_undead,
          serial_undead_a, serial_undead_c, serial_undead_b, serial_undead_e,
          dk_noncrumbling_3
D:4:      layout_rooms, minmay_temple_entry_overgrown, uniq_ijyb, uniq_pikel,
          uniq_sigmund
D:5:      layout_basic, uniq_menkaure
D:6:      layout_rooms, yredelemnul_forgotten_temple_becter,
          mainiacjoe_overflow_chevrons, serial_shops, nicolae_shop_hallway_plus,
          minmay_alternating_orb
D:7:      layout_rooms
D:8:      layout_basic, chequers_temple_overflow_statue_of_worship,
          dpeg_lair_monsters
D:9:      layout_rooms, nicolae_overflow_hidden_temple, hiddenorc1_lemuel,
          uniq_erica, uniq_erolcha
D:10:     layout_irregular_city, nicolae_uskayaw_dance_hall, serial_shops,
          nicolae_shop_hallway_stairs, david_greed
D:11:     layout_small_grid, cheibrodos_worm_habitat, uniq_amaemon
D:12:     layout_stronghold, vehumet_crystals, uniq_josephine
D:13:     layout_basic, grunt_vaults_entry_fortified, serial_shops,
          nicolae_take_the_stairs
D:14:     layout_grid_maze, corexii_corridor_pit
D:15:     grunt_enter_depths_giant_problem, layout_basic, serial_park_paths
          [serial_park_minivault_5x5_2]
Temple:   nicolae_temple_two_arcs
Lair:1:   layout_long_grid, infiniplex_staircase_pool
Lair:2:   beargit_carnivore_pack, layout_concentric_octagons, swamp_mist_pool,
          nicolae_snake_entry_warm_welcome, nicolae_lair_run_with_the_wolves,
          uniq_gastronok
Lair:3:   pond_and_an_island_with_a_cottage, layout_layer_cave, enter_volcano_4
Lair:4:   layout_big_grid, serial_bayou_pond_d, pond, uniq_snorg
Lair:5:   minmay_lair_end_frog_pond, layout_small_grid,
          nicolae_slime_entry_slimehenge
Snake:1:  layout_misc_corridors, grunt_ministairs_1, minmay_shop_grove
Snake:2:  layout_basic, hangedman_snake_corridor_split
Snake:3:  layout_honeycomb, nicolae_elevator_lobby_asterisk, uniq_vashnia
Snake:4:  snake_pit, layout_grid_shapes, gammafunk_ghost_grave, serial_shops,
          nicolae_shop_peninsula
Orc:1:    layout_diamond_mine
Orc:2:    st_orc_pillars, layout_caves, gammafunk_ghost_arena,
          elves_outpost_lemuel
Depths:1: layout_cave_pools, enter_ziggurat_e, serial_shops,
          nicolae_shop_overgrown_old_shop, abyss_entry, pan_entry, hell_entry,
          st_stairs_10, nicolae_rock_paper_scissors

Skill      XL: |  1  2  3  4  5  6  7  8  9 10 11 12 13 14 15 16 17 |
---------------+----------------------------------------------------+-----
Earth Magic    | 4 5 7 8 10 12 13 14 16 17 18 19 20 | 20.3
Fighting       | 1 2 3 4 6 7 8 9 |  9.4
Spellcasting   | 3 4 5 6 7 8 9 10 11 12 13 | 13.6
Shields        | 3 4 5 7 8 9 10 12 13 | 13.2
Armour         | 1 3 5 6 7 9 10 | 10.3
Poison Magic   | 4 |  4.0
Transmutations | 4 6 8 10 11 12 | 12.1
Conjurations   | 3 5 7 8 9 |  9.5
Necromancy     | 3 5 |  5.7
Dodging        | |  1.7
Stealth        | |  2.4

Action                     |  1- 3 |  4- 6 |  7- 9 | 10-12 | 13-15 | 16-18 || total
---------------------------+-------+-------+-------+-------+-------+-------++-------
  Melee: Unarmed           |    11 |       |       |    15 |       |       ||    26
         Short sword       |    30 |    16 |    10 |    14 |    23 |       ||    93
         Staff             |       |       |       |       |     7 |    10 ||    17
         War axe           |       |       |       |       |       |    66 ||    66
   Fire: Shortbow          |       |       |       |       |    22 |       ||    22
  Throw: Dart              |     5 |       |       |    25 |   100 |    71 ||   201
   Cast: Sandblast         |    43 |    76 |    90 |   151 |    13 |     4 ||   377
         Passwall          |       |     2 |       |     3 |     4 |     2 ||    11
         Stone Arrow       |       |       |       |   188 |   614 |   539 ||  1341
         Spider Form       |       |       |       |     3 |     1 |       ||     4
         Lee's Rapid Decon |       |       |       |     1 |    61 |    82 ||   144
         Petrify           |       |       |       |       |     1 |       ||     1
         Irradiate         |       |       |       |       |       |    10 ||    10
         Ignite Poison     |       |       |       |       |       |     1 ||     1
Ability: Shaft Self        |       |       |       |       |     1 |       ||     1
  Evoke: Wand              |       |     4 |    10 |    29 |     8 |     4 ||    55
         Lightning rod     |       |       |       |     5 |     7 |     4 ||    16
         Phial of floods   |       |       |       |     1 |     2 |     1 ||     4
    Use: Scroll            |       |    11 |     6 |    11 |     5 |     4 ||    37
         Potion            |       |     1 |       |     2 |       |     2 ||     5
   Stab: Sleeping          |     3 |       |       |       |       |       ||     3
 Armour: Robe              |     3 |    26 |    13 |       |       |       ||    42
         Steam dragon scal |       |       |       |    36 |    48 |    30 ||   114
         Leather armour    |       |       |       |       |     1 |       ||     1
  Dodge: Dodged            |    38 |    60 |    23 |    87 |   109 |    67 ||   384
  Block: Buckler           |       |    19 |    20 |    48 |       |       ||    87
         Kite shield       |       |       |       |    47 |   174 |   221 ||   442
         Reflection        |       |       |       |       |       |    35 ||    35
